Map: Acolyte LE

Players

GAMETIME

  • Race: Zerg Zerg
  • Spawn Location: 1:00

Semper - Winner!

  • Race: Terran Terran
  • Spawn Location: 7:00

Event: WCS Montreal 2017

VOD

Have the link to the VOD?

Description

Time

  • Played on: Sept. 8, 2017, 2:32 p.m.
  • Length: 14:40

All games in this series

Show
View Real Time Build Order
Export as new Build Order

GAMETIME Zerg 

Build Orders: Hatch First, Muta Ling Bane 

Get SALT Encoding   

  12  0:00  Drone  
  13  0:09  Drone  
  14  0:16  Overlord  
  14  0:23  Extractor  
  14  0:24  Drone  
  15  0:34  Drone  
  15  0:35  Drone  
  17  0:53  Hatchery  
  17  0:54  Drone  
  17  0:57  Drone  
  18  1:08  Extractor  
  17  1:12  Spawning Pool  
  17  1:15  Drone  
  17  1:19  Drone  
  18  1:26  Drone  
  19  1:37  Overlord  
  19  1:58  Queen  
  19  1:59  Zergling x4  
  23  2:04  Queen, Zergling x2  
  23  2:07  Metabolic Boost  
  26  2:10  Drone  
  27  2:16  Drone  
  27  2:20  Drone  
  29  2:26  Drone  
  30  2:33  Drone  
  31  2:38  Drone  
  31  2:42  Queen  
  34  2:45  Lair  
  34  2:48  Overlord  
  34  2:52  Drone  
  34  2:53  Drone  
  34  2:56  Extractor  
  34  2:58  Drone  
  36  3:09  Overlord, Drone  
  36  3:10  Drone x2  
  39  3:13  Drone  
  39  3:17  Drone x2  
  39  3:19  Drone  
  43  3:26  Overlord, Drone  
  44  3:34  Extractor, Drone x2  
  46  3:40  Queen  
  47  3:42  Drone  
  47  3:44  Drone x2  
  48  3:52  Spire  
  47  3:57  Zergling x4  
  47  4:00  Zergling x4  
  51  4:06  Overlord x2  
  51  4:10  Drone  
  51  4:12  Extractor  
  51  4:19  Drone  
  52  4:26  Drone x5  
  57  4:32  Hatchery  
  57  4:35  Drone  
  57  4:40  Drone  
  57  4:42  Overlord  
  58  4:58  Overlord x3  
  58  5:03  Mutalisk  
  58  5:04  Mutalisk x3  
  66  5:07  Zerg Flyer Weapons Level 1  
  66  5:11  Mutalisk  
  68  5:17  Mutalisk x2  
  72  5:21  Drone x3  
  72  5:25  Mutalisk  
  72  5:27  Drone x2  
  79  5:33  Evolution Chamber  
  77  5:35  Evolution Chamber  
  77  5:41  Drone x2  
  77  5:42  Baneling Nest, Drone  
  78  5:43  Overseer  
  78  5:44  Drone  
  78  5:46  Drone  
  80  5:50  Drone  
  80  5:54  Overlord  
  81  5:58  Drone x3  
  84  6:11  Zerg Melee Weapons Level 1  
  84  6:12  Zerg Ground Armor Level 1, Drone  
  84  6:13  Drone x5  
  89  6:25  Drone  
  89  6:26  Drone x2  
  89  6:27  Baneling x9  
  89  6:30  Extractor x2, Zergling x4  
  89  6:31  Zergling x6  
  94  6:32  Centrifical Hooks  
  94  6:39  Hatchery  
  93  6:45  Drone x3  
  93  6:46  Drone  
  97  6:50  Mutalisk, Overlord  
  99  6:56  Mutalisk  
  99  7:00  Mutalisk  
  103  7:05  Zergling x2  
  103  7:06  Overlord x3, Zergling x4  
  103  7:07  Zergling x8  
  110  7:13  Zergling x2  
  111  7:17  Infestation Pit  
  111  7:20  Queen  
  112  7:24  Mutalisk x2  
  112  7:26  Baneling x4  
  112  7:27  Overlord x2  
  112  7:28  Zergling x6  
  119  7:34  Drone x6  
  119  7:36  Mutalisk  
  127  7:45  Drone x3  
  127  7:50  Mutalisk x2  
  134  7:55  Zergling x4  
  134  7:56  Hive  
  134  7:59  Zergling x6  
  137  8:06  Zerg Melee Weapons Level 2  
  137  8:08  Zergling x2  
  137  8:09  Zergling x14  
  137  8:11  Extractor  
  144  8:14  Drone, Zergling x2  
  144  8:16  Zerg Ground Armor Level 2  
  144  8:18  Zergling x2  
  147  8:21  Baneling x3  
  147  8:22  Overlord x2  
  147  8:24  Zergling x4  
  147  8:26  Zergling x4  
  136  8:35  Zergling x2  
  136  8:36  Zergling x10  
  136  8:39  Overseer, Baneling x2  
  135  8:42  Zergling x10  
  135  8:45  Zergling x2  
  141  8:52  Zergling x6  
  144  9:00  Zergling x2  
  144  9:01  Zergling x14  
  144  9:02  Baneling x3  
  152  9:03  Baneling x3  
  152  9:08  Ultralisk Cavern  
  151  9:15  Adrenal Glands  
  151  9:16  Zergling x12  
  157  9:24  Zergling x8  
  160  9:25  Baneling  
  160  9:26  Baneling x8  
  161  9:32  Zergling x2  
  161  9:33  Zergling x14  
  165  9:43  Overlord x2  
  152  10:00  Chitinous Plating  
  152  10:01  Ultralisk  
  152  10:02  Ultralisk x2  
  152  10:03  Zergling x2  
  152  10:04  Zergling x20  
  173  10:17  Mutalisk  
  173  10:18  Mutalisk x2  
  173  10:20  Zergling x10  
  155  10:32  Ultralisk  
  155  10:34  Zergling x12  
  155  10:35  Zergling x4  
  156  10:46  Drone x4  
  156  10:48  Drone  
  156  10:49  Drone x2  
  163  10:54  Baneling x9  
  163  10:55  Baneling x2  
  163  10:59  Zergling x6  
  163  11:00  Zergling x2  
  163  11:02  Zergling x4  
  169  11:08  Hatchery  
  169  11:11  Ultralisk, Overlord  
  173  11:17  Zerg Melee Weapons Level 3  
  173  11:19  Overlord  
  173  11:22  Drone  
  173  11:23  Drone  
  175  11:39  Ultralisk x2  
  187  11:44  Ultralisk  
  187  11:45  Zergling x2  
  187  11:46  Zergling x8  
  198  11:53  Corruptor  
  198  11:54  Corruptor  
  183  12:11  Corruptor  
  183  12:12  Ultralisk  
  183  12:13  Zergling x10  
  183  12:14  Zergling x10  
  185  12:21  Ultralisk  
  185  12:22  Zergling x4  
  186  12:32  Corruptor x3  
  186  12:35  Zergling x6  
  195  12:44  Ultralisk  
  195  12:45  Zergling x8  
  199  12:59  Baneling  
  199  13:00  Baneling x9  
  196  13:10  Corruptor x2  
  196  13:11  Zergling x2  
  196  13:12  Zergling x2  
  175  13:21  Corruptor x2  
  175  13:24  Zergling x6  
  175  13:25  Zergling x14  
  166  13:29  Drone  
  166  13:30  Drone x3  
  147  13:41  Drone  
  147  13:42  Drone x3  
  154  13:48  Ultralisk  
  143  13:55  Drone  
  143  13:56  Drone x4  
  143  13:59  Drone x3  
Show
View Real Time Build Order
Export as new Build Order

Semper Terran - Winner!

Build Orders: Reaper Expand, Bio Mine 

Get SALT Encoding   

  12  0:00  SCV  
  13  0:13  SCV  
  14  0:18  Supply Depot  
  14  0:25  SCV  
  15  0:39  SCV  
  15  0:41  Barracks  
  16  0:44  Refinery  
  16  0:52  SCV  
  17  1:04  SCV  
  18  1:16  SCV  
  19  1:28  Orbital Command  
  19  1:29  Reaper  
  20  1:40  Command Center  
  20  1:50  Supply Depot  
  20  1:54  SCV  
  20  2:01  Marine  
  22  2:05  Factory  
  22  2:08  SCV  
  23  2:20  SCV  
  23  2:21  Barracks Reactor  
  24  2:33  SCV  
  25  2:40  Command Center  
  25  2:45  SCV  
  26  2:53  Orbital Command  
  26  2:59  SCV  
  26  3:02  Hellion x2  
  31  3:11  SCV  
  31  3:12  Barracks Tech Lab  
  32  3:19  SCV  
  33  3:23  SCV  
  34  3:27  Barracks  
  34  3:31  Barracks, SCV  
  34  3:32  Factory Reactor  
  34  3:34  Marine  
  34  3:35  SCV  
  34  3:39  Stimpack  
  36  3:44  SCV  
  37  3:52  Orbital Command, Marine  
  37  3:53  SCV  
  39  3:55  Refinery  
  39  3:57  SCV  
  40  4:05  SCV  
  40  4:09  Marine, SCV  
  42  4:14  Starport  
  43  4:17  Marine x2, SCV  
  43  4:20  SCV  
  43  4:23  SCV  
  48  4:25  Supply Depot  
  48  4:26  Marine x2  
  48  4:27  Factory Reactor  
  48  4:29  SCV  
  48  4:30  Refinery  
  51  4:32  SCV, Refinery  
  51  4:37  Engineering Bay  
  51  4:38  Engineering Bay  
  52  4:39  SCV  
  52  4:40  Marine  
  52  4:41  Marine  
  52  4:45  SCV  
  56  4:49  SCV  
  57  4:54  SCV  
  57  4:57  Marine x3  
  57  4:59  SCV  
  62  5:01  SCV  
  62  5:02  Supply Depot  
  62  5:03  Supply Depot  
  62  5:06  SCV  
  62  5:07  Medivac x2  
  66  5:08  Marine  
  66  5:10  Orbital Command  
  69  5:16  Terran Infantry Armor Level 1, Terran Infantry Weapons Level 1  
  69  5:24  Marine x4, SCV  
  69  5:27  Supply Depot  
  74  5:28  Supply Depot  
  74  5:30  SCV  
  75  5:35  Missile Turret  
  75  5:36  Missile Turret  
  75  5:37  Factory Reactor  
  75  5:42  Combat Shields, Marine x2  
  75  5:43  Marine, Missile Turret  
  75  5:44  Marine  
  75  5:46  Marine  
  80  5:50  Bunker, SCV x2  
  80  5:53  SCV  
  83  6:01  Marine x2  
  83  6:02  Barracks, SCV  
  86  6:05  SCV  
  84  6:12  SCV  
  84  6:13  Barracks  
  84  6:15  Supply Depot x2  
  84  6:20  Supply Depot  
  84  6:21  SCV  
  84  6:24  Marine x2  
  86  6:26  SCV x2  
  86  6:29  Widow Mine x2  
  92  6:33  SCV  
  92  6:35  Marine x2  
  92  6:36  Marine  
  92  6:38  SCV  
  92  6:39  SCV  
  98  6:41  Medivac  
  98  6:43  Medivac  
  98  6:45  SCV  
  103  6:48  Factory  
  103  6:49  Armory  
  103  6:52  Refinery  
  103  6:53  SCV x2  
  105  6:57  SCV  
  105  7:00  Missile Turret  
  103  7:04  Supply Depot, Marine, Barracks Reactor  
  103  7:05  Barracks Reactor  
  103  7:06  Widow Mine x2  
  108  7:11  SCV  
  108  7:13  Marine x3  
  112  7:20  Medivac x2  
  112  7:21  Marine x2  
  118  7:31  Marine x3, SCV  
  122  7:37  Supply Depot x2, Terran Infantry Armor Level 2, Terran Infantry Weapons Level 2  
  122  7:39  Factory Tech Lab, Marine x2  
  122  7:43  Supply Depot  
  122  7:44  Terran Vehicle Weapons Level 1  
  124  7:47  Marine x3  
  124  7:49  Marine  
  124  7:50  Marine  
  129  7:53  Widow Mine x2  
  133  7:59  Marine x2  
  133  8:00  Marine x2  
  137  8:06  Marine  
  137  8:10  Supply Depot  
  137  8:11  Marine x2  
  141  8:12  Supply Depot  
  141  8:13  Supply Depot, Thor  
  141  8:16  Drilling Claws  
  145  8:20  Marine x3  
  148  8:33  Marine  
  144  8:36  Marine x3  
  144  8:37  Marine  
  144  8:38  Widow Mine x2  
  152  8:45  Command Center  
  152  8:54  Barracks, Medivac  
  152  8:55  Barracks x2  
  154  8:56  Thor  
  154  8:58  Marine x4  
  154  8:59  Marine  
  165  9:05  Marine  
  165  9:06  Marauder  
  168  9:12  Marine, Widow Mine x2  
  173  9:30  Marine  
  173  9:31  Marine x5, Marauder  
  181  9:47  Supply Depot  
  181  9:49  Supply Depot  
  181  9:56  Widow Mine x3  
  181  9:57  Marine x9, Terran Infantry Armor Level 3, Terran Infantry Weapons Level 3  
  181  9:59  Marine  
  196  10:00  Marine  
  196  10:02  Marine  
  191  10:14  Marine x9  
  191  10:15  Medivac  
  191  10:16  Marine  
  191  10:17  Marine  
  191  10:20  Marauder  
  182  10:32  Marine x9  
  182  10:34  Marine  
  182  10:35  Marine, Widow Mine x2  
  177  10:38  Planetary Fortress  
  177  10:42  Marauder  
  184  10:48  Liberator  
  184  10:56  Missile Turret  
  184  10:57  Marine  
  184  10:58  Barracks Tech Lab  
  184  10:59  Barracks Tech Lab x2  
  184  11:03  Liberator, Refinery, Marauder  
  184  11:04  Starport  
  187  11:06  Starport  
  184  11:14  Widow Mine x2  
  188  11:22  Terran Ship Weapons Level 1  
  188  11:24  Marauder  
  193  11:27  Marine, Marauder  
  196  11:34  Refinery  
  198  11:40  Marauder x2  
  200  11:47  Liberator  
  200  11:51  Command Center  
  196  11:57  Liberator  
  179  12:05  Marine  
  179  12:06  Marauder  
  185  12:09  Marine  
  185  12:10  Marauder x3  
  185  12:13  Marine x3  
  160  12:17  Liberator  
  160  12:19  Marine  
  160  12:20  Marine x2  
  159  12:23  Marine  
  159  12:27  Marine, Marauder  
  159  12:31  Marine x3, Marauder  
  159  12:34  Marine  
  167  12:39  Liberator x2  
  167  12:43  Marine x5  
  170  12:45  Marine  
  170  12:48  Marauder  
  170  12:49  Marine  
  170  12:50  Marine  
  175  12:53  Marine x2, Marauder  
  175  12:54  Liberator  
  175  12:58  Widow Mine x2  
  185  13:00  Liberator  
  184  13:09  Orbital Command  
  184  13:12  Marine, Marauder  
  177  13:16  Marine  
  177  13:17  Marauder  
  172  13:21  Liberator  
  172  13:26  Marine x2, Marauder x2  
  168  13:27  Marine x4  
  168  13:34  Marauder  
  169  13:35  SCV x4  
  169  13:36  Marine  
  169  13:37  Liberator  
  172  13:47  Marine x2, SCV x4  
  172  13:48  Marauder  
  180  13:58  Medivac, Marine  
  180  13:59  Marauder  
  180  14:02  Missile Turret  
  174  14:05  Orbital Command  
  174  14:08  Marine  
  174  14:09  Medivac, Marine, Marauder x2  
Tags
 
Add a new tag
Caveats
  • Supply blocks, unpowered buildings, or Contaminate may cause inaccurate times.
  • Supply counts are checked every 10 seconds.